Map: [ESL] Crimson Court

Players

MacSed

  • Race: Protoss Protoss
  • Spawn Location: 7:00

Coffee - Winner!

  • Race: Terran Terran
  • Spawn Location: 1:00

Event: ESL SC2 Masters 2024 Spring (Regional)

VOD

Have the link to the VOD?

Description

Time

  • Played on: April 10, 2024, 8:13 a.m.
  • Length: 13:33

All games in this series

Show
View Real Time Build Order
Export as new Build Order

MacSed Protoss 

Build Orders: 1 Gate Expand, Colossus Rush 

Get SALT Encoding   

  12  0:00  Probe  
  13  0:12  Probe  
  14  0:17  Pylon  
  14  0:24  Probe (Chrono Boost)  
  16  0:36  Probe (Chrono Boost), Gateway  
  16  0:43  Probe (Chrono Boost)  
  16  0:45  Assimilator  
  17  0:50  Probe  
  18  1:03  Probe  
  19  1:15  Probe  
  20  1:23  Cybernetics Core  
  20  1:33  Nexus  
  20  1:37  Probe  
  20  1:39  Pylon  
  21  1:45  Assimilator  
  21  1:51  Probe  
  22  1:57  Stalker (Chrono Boost)  
  22  2:00  Warp Gate  
  24  2:03  Probe  
  23  2:16  Probe  
  23  2:20  Stalker (Chrono Boost)  
  25  2:28  Probe  
  26  2:34  Shield Battery  
  26  2:43  Stalker (Chrono Boost), Probe  
  29  2:50  Shield Battery  
  29  2:52  Probe  
  29  2:55  Probe  
  31  3:04  Probe  
  32  3:07  Stalker (Chrono Boost)  
  32  3:08  Probe  
  35  3:23  Probe x2  
  37  3:28  Robotics Facility  
  37  3:35  Probe x2  
  39  3:43  Pylon  
  39  3:47  Probe x2  
  41  3:50  Stalker  
  43  3:59  Probe, Gateway  
  43  4:01  Probe  
  45  4:12  Immortal (Chrono Boost), Probe  
  45  4:13  Probe  
  51  4:19  Stalker  
  51  4:23  Pylon  
  53  4:25  Probe  
  53  4:29  Pylon  
  54  4:34  Pylon  
  54  4:37  Probe  
  54  4:41  Probe  
  53  4:49  Probe  
  52  4:53  Observer, Probe  
  54  5:01  Probe (Chrono Boost)  
  54  5:02  Assimilator  
  54  5:03  Assimilator  
  54  5:04  Robotics Bay  
  54  5:05  Probe (Chrono Boost)  
  56  5:10  Observer  
  56  5:13  Zealot, Sentry, Probe (Chrono Boost)  
  63  5:15  Probe (Chrono Boost)  
  63  5:17  Probe (Chrono Boost)  
  63  5:20  Probe (Chrono Boost)  
  64  5:25  Pylon  
  64  5:27  Probe  
  66  5:32  Probe  
  67  5:40  Observer, Probe  
  68  5:44  Zealot x2, Probe  
  68  5:47  Colossus (Chrono Boost)  
  73  5:52  Extended Thermal Lance  
  73  5:54  Pylon  
  79  6:00  Observer  
  79  6:02  Observer  
  79  6:03  Nexus  
  79  6:08  Twilight Council  
  79  6:25  Colossus (Chrono Boost)  
  79  6:29  Gateway  
  79  6:30  Gateway  
  85  6:33  Zealot, Sentry  
  89  6:42  Probe  
  90  6:49  Probe  
  90  6:50  Pylon, Charge (Chrono Boost)  
  89  6:56  Zealot x2, Pylon  
  91  7:06  Gateway x2  
  90  7:08  Colossus (Chrono Boost)  
  88  7:18  Probe x2  
  89  7:25  Stalker  
  89  7:28  Probe  
  89  7:30  Probe  
  89  7:33  Probe  
  91  7:42  Probe  
  92  7:49  Stalker x3  
  98  7:52  Probe x2  
  100  7:58  Zealot  
  94  8:13  Zealot x3  
  100  8:20  Pylon  
  94  8:29  Zealot  
  70  8:35  Stalker  
  70  8:36  Stalker x2  
  68  8:45  Colossus (Chrono Boost)  
  64  8:50  Probe x2  
  66  8:56  Zealot  
  66  8:58  Probe  
  66  8:59  Zealot x3  
  75  9:02  Probe  
  75  9:06  Probe  
  77  9:10  Probe  
  77  9:15  Probe  
  77  9:17  Zealot  
  77  9:19  Zealot x3  
  77  9:21  Probe  
  77  9:22  Probe  
  87  9:26  Shield Battery  
  87  9:29  Colossus (Chrono Boost)  
  93  9:34  Gateway  
  93  9:37  Gateway  
  93  9:40  Templar Archives  
  91  9:57  Probe x3  
  91  9:59  Zealot x4  
  99  10:08  Stalker  
  99  10:10  Pylon x2  
  101  10:17  Pylon  
  101  10:21  Pylon  
  101  10:26  Observer (Chrono Boost)  
  101  10:28  High Templar x2, Probe x2  
  104  10:29  Zealot x2, High Templar x2  
  104  10:33  Archon  
  104  10:34  Pylon  
  116  10:36  Stalker  
  118  10:46  Stalker  
  115  10:54  High Templar x2  
  119  10:59  Archon  
  119  11:00  Archon  
  119  11:01  Zealot x4  
  127  11:10  Zealot x2, Warp Prism (Chrono Boost)  
  131  11:18  Pylon  
  124  11:31  High Templar x2  
  124  11:32  Zealot x4  
  132  11:37  Archon  
  131  11:45  Stalker x2  
  135  11:53  Stalker x2  
  139  12:01  Stalker x2  
  126  12:18  Zealot x5  
Show
View Real Time Build Order
Export as new Build Order

Coffee Terran - Winner!

Build Orders: Cyclone Opening 

Get SALT Encoding   

  12  0:00  SCV  
  13  0:12  SCV  
  14  0:17  Supply Depot  
  14  0:24  SCV  
  15  0:38  SCV  
  15  0:39  Barracks  
  16  0:45  Refinery  
  16  0:50  SCV  
  16  0:56  Refinery  
  17  1:02  SCV  
  18  1:14  SCV  
  19  1:26  Reaper  
  19  1:27  Orbital Command  
  20  1:40  Bunker  
  20  1:45  Factory  
  20  1:52  SCV  
  21  1:55  Supply Depot  
  21  1:59  Reaper  
  22  2:05  SCV  
  23  2:17  SCV  
  24  2:29  Cyclone  
  26  2:30  SCV  
  26  2:31  Marine  
  26  2:36  Supply Depot  
  28  2:46  Command Center  
  28  2:47  SCV  
  29  2:58  Starport  
  29  3:07  SCV  
  29  3:09  Cyclone  
  31  3:25  SCV  
  31  3:34  Barracks  
  31  3:36  Medivac  
  31  3:38  SCV  
  34  3:48  Factory Tech Lab  
  34  3:50  SCV  
  35  3:58  Orbital Command  
  35  4:02  SCV  
  36  4:06  Siege Tank  
  36  4:08  Barracks Reactor  
  36  4:09  Starport Tech Lab  
  39  4:14  SCV, Barracks  
  40  4:18  Orbital Command  
  40  4:26  SCV  
  41  4:31  Stimpack  
  41  4:34  Marine  
  41  4:35  Engineering Bay  
  41  4:38  SCV  
  43  4:49  Siege Tank  
  43  4:50  Marine x2  
  43  4:52  Marine  
  49  4:57  SCV x2  
  49  4:58  Refinery  
  50  5:00  Supply Depot, Bunker  
  50  5:02  Marine  
  50  5:03  Viking  
  52  5:09  Supply Depot  
  52  5:11  SCV x2  
  54  5:21  Marine x2  
  54  5:23  SCV x2  
  61  5:33  Terran Infantry Weapons Level 1  
  61  5:35  SCV x2  
  60  5:36  Starport Reactor  
  60  5:38  Missile Turret  
  60  5:41  Factory Reactor  
  60  5:44  Marine x4  
  60  5:47  SCV x2  
  60  5:48  Supply Depot  
  66  5:50  Supply Depot  
  66  5:51  Combat Shield  
  66  6:00  SCV x2  
  66  6:01  Refinery  
  68  6:05  Marine x2  
  68  6:10  Marine x2  
  72  6:11  Supply Depot  
  72  6:16  SCV x2  
  73  6:19  Medivac  
  73  6:20  Medivac  
  73  6:23  Supply Depot  
  77  6:28  SCV x2  
  77  6:31  Concussive Shells  
  77  6:32  Marauder x2  
  83  6:34  Marine  
  83  6:35  Marine  
  83  6:39  Widow Mine x2  
  89  6:45  Supply Depot  
  89  6:54  Marine x2  
  89  6:56  Marauder x2  
  95  7:01  Medivac x2  
  95  7:05  Widow Mine  
  95  7:07  Widow Mine  
  101  7:19  Command Center  
  101  7:22  Marauder x2  
  105  7:23  Marine x2  
  107  7:34  SCV x2  
  107  7:46  Marine, Marauder  
  107  7:49  Terran Infantry Armor Level 1  
  110  7:51  Widow Mine x2, Marine  
  110  7:53  Barracks  
  110  7:54  Supply Depot, Barracks  
  111  8:10  Marauder x2  
  112  8:15  Viking x2  
  112  8:19  Marine  
  113  8:20  Marine  
  113  8:22  Widow Mine x2, SCV x2  
  116  8:32  Marauder x2  
  103  8:38  Marine x2  
  87  8:49  SCV  
  87  8:53  Barracks Tech Lab  
  87  8:54  Barracks Reactor, Marauder x2  
  92  8:59  SCV  
  92  9:01  SCV  
  94  9:15  Marine, Marauder x2  
  94  9:16  Medivac x2, Marauder, Marine  
  106  9:18  SCV x2  
  106  9:20  Orbital Command  
  108  9:31  SCV  
  109  9:33  Widow Mine, Refinery  
  109  9:34  Widow Mine, Marine x4  
  109  9:36  Marauder  
  119  9:39  Supply Depot  
  119  9:44  Marauder  
  119  9:45  Marauder  
  123  9:51  Viking  
  123  9:52  Viking  
  127  9:53  SCV x3  
  127  9:58  Supply Depot  
  130  10:01  Supply Depot  
  128  10:11  Marauder x3  
  128  10:13  Ghost Academy  
  134  10:17  Refinery  
  134  10:23  Viking x2  
  134  10:27  Armory, Engineering Bay  
  138  10:38  Marauder  
  138  10:39  Marauder  
  141  10:47  Ghost  
  143  10:57  Command Center  
  143  10:59  Ghost x2  
  143  11:03  Viking x2  
  151  11:04  Widow Mine  
  151  11:06  Widow Mine  
  155  11:15  Supply Depot  
  155  11:17  Supply Depot  
  153  11:20  Ghost  
  155  11:27  Ghost  
  153  11:34  Ghost  
  153  11:38  Marine x2  
  153  11:39  Marine, Viking x2  
  157  11:45  Sensor Tower  
  157  11:46  Missile Turret  
  155  11:48  Supply Depot  
  155  11:49  Ghost  
  155  11:50  Widow Mine x2  
  161  12:05  Marauder x2  
  151  12:18  Marauder  
  129  12:26  SCV x2  
  129  12:27  SCV  
Tags
 
Add a new tag
Caveats
  • Supply blocks, unpowered buildings, or Contaminate may cause inaccurate times.
  • Supply counts are checked every 10 seconds.